 Dungeon Crawl Stone Soup version 0.31-a0-846-gb3bcc0d938 (webtiles) character file.

Game seed: 11413671727125532654

120 lunkers the Insei (level 5, -4/40 HPs)
             Began as a Meteoran Shapeshifter on Oct 3, 2023.
             Slain by an iguana (11 damage)
             ... on level 4 of the Dungeon.
             The game lasted 00:04:07 (1656 turns).

lunkers the Insei (Meteoran Shapeshifter)           Turns: 1656, Time: 00:04:08

Health: -4/40      AC:  3    Str: 15    XL:     5   Next: 50%
Magic:  6/6        EV: 12    Int: 12    God:
Gold:   189        SH:  5    Dex: 15    Spells: 4/4 levels left

rFire   . .          .
                       - Unarmed
rCold   . . .        (no shield)
rNeg    . . .        q - +0 leather armour
rPois   .            (helmet currently unavailable)
rElec   .            (cloak currently unavailable)
rCorr   .            (gloves currently unavailable)
SInv    .            (boots currently unavailable)
Will    .....        k - amulet of reflection
Stlth   +            (no ring)
HPRegen 0.26/turn    (no ring)
MPRegen 0.10/turn

%: reflection
@: beast-form, glowing
A: beast (slay +2), sense surroundings 1, otherworldly, glowing, explore regen
a: Begin Untransformation


You were on level 4 of the Dungeon.
You were a hulking beast.
You visited 1 branch of the dungeon, and saw 4 of its levels.

You collected 189 gold pieces.

Inventory:

Missiles
 n - 3 curare-tipped darts
Armour
 a - a +0 animal skin
 q - a +0 leather armour (worn)
Jewellery
 k - an amulet of reflection (around neck)
 r - an amulet of the acrobat
 s - an amulet of guardian spirit
Talismans
 c - a beast talisman (active)
 d - a flux talisman
Wands
 t - a wand of mindburst (15)
 u - a wand of iceblast (5)
Scrolls
 e - 6 scrolls of identify {unknown}
 h - 2 scrolls of teleportation {unknown}
 i - 2 scrolls of silence {unknown}
 l - a scroll of enchant armour {unknown}
 m - 3 scrolls of acquirement {unknown}
 o - a scroll of blinking {unknown}
 p - a scroll of noise {unknown}
 v - a scroll of fog {unknown}
Potions
 b - a potion of lignification
 f - a potion of curing {unknown}
 g - 2 potions of heal wounds {unknown}
 j - a potion of magic {unknown}
 w - a potion of might {unknown}


   Skills:
 - Level 1.1 Fighting
 - Level 2.1 Dodging
 * Level 5.8 Unarmed Combat
 + Level 4.6 Shapeshifting


You had 4 spell levels left.
You didn't know any spells.
Your spell library contained the following spells:

 Spells                   Type           Power      Damage    Failure   Level
 Wereblood                Tmut           0%         N/A       52%         2
 Irradiate                Conj/Tmut      0%         3d11      100%        5


Dungeon Overview and Level Annotations

Branches:
Dungeon (4/15) Zot: 756
 Temple: D:4-7

Altars:
Elyvilon
Sif Muna
Xom
Zin


Innate Abilities, Weirdness & Mutations

You are a hulking beast.
Your limbs bulge with bestial killing power. (Slay +2)
You passively map a small area around you.
You are easily found by Zot.
You glow in the dark.
You regain HP and MP as you explore.


Message History

You now have 158 gold pieces (gained 10).
You now have 170 gold pieces (gained 12).
You now have 174 gold pieces (gained 4).
You now have 184 gold pieces (gained 10).
Found a leather armour and a thick smoking staff.
You see here 5 gold pieces.
You now have 189 gold pieces (gained 5).
There is an open door here.
The ball python bites you. The ball python closely misses you.
You hit the ball python.
You kill the ball python!
No target in view!
No target in view!
No target in view!
No target in view!
Found a purple potion.
You see here a ball python corpse.
An ogre comes into view. It is wielding a +0 giant club.
The ogre shouts!
An iguana comes into view.
Found 2 scrolls labelled TETSAE DUYNI.
The iguana hisses angrily.
The iguana moves out of view.
You barely miss the ogre. The ogre barely misses you.
You punch the ogre!
The ogre is moderately wounded.
The iguana barely misses you.
You hit the ogre.
The ogre is heavily wounded.
The ogre hits you with a +0 giant club!!
Ouch! That really hurt!
* * * LOW HITPOINT WARNING * * *
You hit the ogre.
The ogre is heavily wounded.
You block the iguana's attack.
Unknown command.
You barely miss the ogre.
The ogre is heavily wounded.
The iguana bites you!
You die...

#.#.....#.## .# ,
##.#.....#.## *.# ,
##..#.._..#..# .#
#...#.....#..###.###
#.#.#.....#†.#.....#
.....#######..#.....#
...##..........#.....##
.., ##..........l[.....
. , #####.....hO......
, , ###.##........ *
#.#...|..... * * *
#...!.....?. ,
...#........ * *
#..######### * ..# .##*
* , *


You could see an ogre and an iguana.

Vanquished Creatures
  A gnoll (D:1)
  4 adders
  5 worms
  2 dart slugs
  2 bats
  2 endoplasms
  A giant cockroach (D:2)
  5 goblins
  5 hobgoblins
  4 jackals (D:2)
  3 quokkas (D:1)
  9 ball pythons
  4 frilled lizards
  6 kobolds
  4 rats
57 creatures vanquished.

Notes
Turn   | Place    | Note
-------+----------+-------------------------------------------
     0 | D:1      | lunkers the Meteoran Shapeshifter began the quest for the
                  | Orb.
     0 | D:1      | Reached XP level 1. HP: 16/16 MP: 2/2
    94 | D:1      | Reached XP level 2. HP: 23/23 MP: 3/3
   191 | D:1      | Reached skill level 4 in Unarmed Combat
   418 | D:1      | Reached XP level 3. HP: 25/28 MP: 4/4
   503 | D:1      | Glimpsed the power of Zot.
   658 | D:2      | Reached XP level 4. HP: 23/35 MP: 5/5
   681 | D:2      | Reached skill level 5 in Unarmed Combat
   911 | D:2      | Reached XP level 5. HP: 36/40 MP: 6/6
  1057 | D:3      | Found a shimmering blue altar of Sif Muna.
  1195 | D:3      | Found a white marble altar of Elyvilon.
  1402 | D:4      | Found a glowing silver altar of Zin.
  1607 | D:4      | Found a shimmering altar of Xom.
  1648 | D:4      | Noticed an ogre
  1656 | D:4      | Slain by an iguana

Illustrated notes

Levels and vault maps discovered:
D:1:      moated_graveyard_arrival, layout_loops_corners
D:2:      layout_basic, serial_bayou_crossing
D:3:      layout_basic, lemuel_tele_altar, mainiacjoe_overflow_surrounded_room
D:4:      layout_basic, nicolae_overflow_crystal_walls, amcnicky_altar_gilded

Skill      XL: |  1  2  3  4 |
---------------+-------------+-----
Unarmed Combat | 4 5 |  5.8
Shapeshifting  | 4 |  4.6
Fighting       | |  1.1
Dodging        | |  2.1

Action                     |  1- 3 |  4- 6 || total
---------------------------+-------+-------++-------
  Melee: Unarmed           |    82 |    99 ||   181
         Punch             |     3 |     3 ||     6
 Armour: Animal skin       |    40 |    25 ||    65
         Leather armour    |       |    13 ||    13
  Dodge: Dodged            |    73 |    46 ||   119
  Block: Other             |       |    24 ||    24
         Reflection        |       |     1 ||     1

Table legend: (Time is in decaauts)
 A = Elapsed time spent in this place.
 B = Non-inter-level travel time spent in this place.
 C = Inter-level travel time spent in this place.
 D = Time resting spent in this place.
 E = Time spent auto-exploring this place.
 F = Levels seen in this place.
 G = Mean time per level.
                   A        B        C        D        E       F      G
               +--------+--------+--------+--------+--------+-----+--------+
         Total |   1643 |   1569 |     74 |      0 |   1079 |   4 |  410.8 |
       Dungeon |   1643 |   1569 |     74 |      0 |   1079 |   4 |  410.8 |
               +--------+--------+--------+--------+--------+-----+--------+

Top non-repeatable levels by time:
     D:1: 535 daAuts
     D:3: 413 daAuts
     D:2: 392 daAuts
     D:4: 301 daAuts
